 Dungeon Crawl Stone Soup version 0.25.0-8-gfd19cd77bd (webtiles) character file.

Game seed: 18358024077449083300

26423 Curus the Spear-Bearer (level 12, -5/110 HPs)
             Began as a Minotaur Monk on June 15, 2020.
             Was a High Priest of Yredelemnul.
             Slain by a death yak (19 damage)
             ... on level 5 of the Lair of Beasts on June 16, 2020.
             The game lasted 01:22:03 (15029 turns).

Curus the Spear-Bearer (Minotaur Monk)             Turns: 15029, Time: 01:22:04

Health: -5/110     AC: 12    Str: 24    XL:     12   Next: 98%
Magic:  18/20      EV: 17    Int:  7    God:    Yredelemnul [*****.]
Gold:   2400       SH:  5    Dex: 16    Spells: 11/11 levels left

rFire    + . .     SeeInvis +   w - +3 trident
rCold    + . .     Gourm    .   (no shield)
rNeg     . . .     Faith    .   v - +0 scale mail of Xeubre {rF+ rC+ Slay+2}
rPois    +         Spirit   .   P - +0 hat {SInv}
rElec    .         Reflect  +   u - +0 cloak
rCorr    .         Harm     .   g - +1 pair of gloves
MR       .....                  M - +0 pair of boots
Stlth    +.........             H - amulet of reflection
HPRegen  0.28/turn              p - +6 ring of strength
MPRegen  0.17/turn              q - +4 ring of slaying

@: no status effects
A: retaliatory headbutt, horns 2, icy blue scales 1, poison resistance
a: Recall Undead Slaves, Injury Mirror, Animate Dead, Drain Life, Enslave Soul,
Renounce Religion


You were on level 5 of the Lair of Beasts.
You worshipped Yredelemnul.
Yredelemnul was extremely pleased with you.
You were near starving.

You visited 2 branches of the dungeon, and saw 15 of its levels.
You also visited: Sewer and Ossuary.

You collected 2400 gold pieces.

Inventory:

Hand Weapons
 a - a +1 spear
 s - a +1 glaive of freezing
 w - a +3 trident (weapon)
Armour
 b - a +1 robe
 g - a +1 pair of gloves (worn)
 h - a scarf of invisibility
 l - a +0 ring mail
 m - a +0 ring mail
 u - a +0 cloak (worn)
 v - the +0 scale mail of Xeubre (worn) {rF+ rC+ Slay+2}
   (You found it on level 4 of the Dungeon)

   It affects your accuracy and damage with ranged weapons and melee attacks
   (+2).
   It protects you from fire.
   It protects you from cold.
 M - a +0 pair of boots (worn)
 P - a +0 hat of see invisible (worn)
Jewellery
 f - an uncursed ring of protection from cold
 p - a +6 ring of strength (left hand)
 q - a +4 ring of slaying (right hand)
 t - an uncursed ring of attention
 x - an uncursed ring of teleportation
 y - a +6 ring of intelligence
 B - an uncursed ring of magical power
 H - an amulet of reflection (around neck)
 J - an uncursed amulet of faith
 K - an uncursed ring of stealth
 L - an uncursed amulet of magic regeneration
 Q - an uncursed ring of protection from fire
 R - an uncursed ring of poison resistance
Wands
 z - a wand of paralysis (7)
 A - a wand of flame (20)
 O - a wand of iceblast (8)
Scrolls
 d - 6 scrolls of remove curse
 e - 6 scrolls of immolation
 i - 11 scrolls of teleportation
 j - 7 scrolls of amnesia
 r - 6 scrolls of identify
 E - 2 scrolls of magic mapping
Potions
 k - 3 potions of might
 n - 4 potions of stabbing
 o - 12 potions of curing
 C - a potion of brilliance
 D - 3 potions of mutation
 F - 3 potions of haste
 G - a potion of flight
 I - 2 potions of cancellation
 N - 2 potions of ambrosia
 S - 3 potions of heal wounds
Comestibles
 c - 39 rations


   Skills:
 + Level 11.4 Fighting
 - Level 14.1 Polearms
 + Level 10.6 Dodging
 - Level 1.5 Stealth
 - Level 13.1 Invocations


You had 11 spell levels left.
You didn't know any spells.
Your spell library contained the following spells:

 Spells                   Type           Power        Failure   Level  Hunger
 Beastly Appendage        Tmut           #.....       77%         1    ##.....
 Sticks to Snakes         Tmut           #.......     88%         2    ###....
 Spider Form              Tmut/Pois      #.........   98%         3    ####...
 Ice Form                 Ice/Tmut       #.......     100%        4    #####..
 Blade Hands              Tmut           #.........   100%        5    ######.


Dungeon Overview and Level Annotations

Branches:
Dungeon (10/15)            Temple (0/1) D:5            Lair (5/6) D:10
  Swamp (0/4) Lair:3        Snake (0/4) Lair:3          Orc (0/2) D:9
  Sewer (visited)         Ossuary (visited)
  Slime: Lair:5-6

Altars:
Hepliaklqana
Qazlal
Trog
Yredelemnul
The Shining One

Shops:
D:6 }

Portals:
Abyss: D:9

Annotations:
D:7 3 runed translucent doors, releu's ghost, novice TrWr
D:9 2 transporters, Fiuqy's ghost, novice DrTm
Lair:4 exclusion: oklob plant


Innate Abilities, Weirdness & Mutations

You reflexively headbutt those who attack you in melee.
You have a pair of horns on your head.
You are partially covered in icy blue scales. (AC +2)
Your system is resistant to poisons. (rPois)


Message History

You puncture the death yak!
You kill the death yak!
Yredelemnul accepts your kill.
You puncture the death yak!
The death yak is moderately wounded.
The death yak gores you!!
* * * LOW HITPOINT WARNING * * *
You call on the dead to rise...
The dead are walking!
You are near starving!
The death yak gores you but does no damage.
The death yak gores you!
* * * LOW HITPOINT WARNING * * *
You impale the death yak!!
The death yak is severely wounded.
The death yak gores you.
* * * LOW HITPOINT WARNING * * *
The death yak misses you. The death yak gores you!!
You die...
Your body rises from the dead as a mindless zombie.

...................##
............(.......#
....................#
.. ...............##
.. #.P.....#......##
.........#.###...# .
..#......### #...# .
..........####...# .
.........###Y@...# .
..........Z.Y....# P
##.............#.# #
##....#####...# # #
#....# #...# #
#..†.P# #...# #
#.....# ....# #
#....## #.... ###
#...## .##


You could see 2 death yaks and a friendly death yak zombie.

Vanquished Creatures
  Gastronok (Lair:1)
  Harold (D:7)
  3 hydras
  3 death yaks (Lair:5)
  4 black mambas
  6 spiny frogs
  2 rime drakes
  A komodo dragon (Lair:1)
  A troll (D:8)
  A bog body (Lair:3)
  A slime creature (D:9)
  8 blink frogs
  6 flying skulls (Lair:3)
  A spriggan (D:8)
  A vampire (Lair:3)
  Sigmund (D:5)
  10 yaks
  12 water moccasins
  An orc warrior (D:7)
  14 porcupines
  A phantom (D:8)
  A sky beast (D:10)
  An ice beast (D:6)
  3 ogres
  A centaur (D:7)
  7 crocodiles
  33 wolves
  A big kobold (D:7)
  4 bullfrogs
  2 scorpions
  11 killer bees
  2 wights (D:9)
  3 howler monkeys
  4 crimson imps
  2 centaur zombies
  A human zombie (Ossuary)
  A bullfrog zombie (D:5)
  3 hounds
  13 jellies
  5 orc priests
  A bullfrog skeleton (D:5)
  2 iguanas
  9 orc wizards
  5 worker ants
  2 hound skeletons (D:5)
  2 mummies (Ossuary)
  A howler monkey skeleton (D:8)
  16 adders
  A river rat (D:5)
  A shadow imp (D:7)
  8 oozes (D:9)
  2 adder skeletons
  4 worms
  2 dart slugs
  2 leopard geckos
  40 orcs
  6 ball pythons
  6 giant cockroaches
  6 goblins
  5 hobgoblins
  21 jackals
  6 quokkas
  2 ball python zombies
  6 bats
  14 frilled lizards
  A giant cockroach zombie (D:6)
  A gnoll zombie (Ossuary)
  A goblin zombie (Ossuary)
  A hobgoblin zombie (Ossuary)
  A jackal skeleton (D:7)
  6 kobolds
  3 kobold zombies (Ossuary)
  A leopard gecko skeleton (D:4)
  A quokka skeleton (D:4)
  11 rats
374 creatures vanquished.

Vanquished Creatures (collateral kills)
  A hydra (Lair:1)
  A two-headed ogre (D:9)
  2 rime drakes (Lair:3)
  A komodo dragon (Lair:5)
  A polar bear (Lair:3)
  4 blink frogs
  Prince Ribbit (Lair:2)
  5 yaks (Lair:3)
  2 nagas (Lair:3)
  2 porcupines
  4 orc warriors
  A swamp drake (D:9)
  An ogre (D:9)
  9 wolves
  A centaur (D:10)
  2 crocodiles
  4 bullfrogs
  4 killer bees (D:10)
  3 wights (D:9)
  A jelly (D:9)
  3 orc priests (D:9)
  An orc wizard (D:9)
  7 orcs
  5 fungi
  3 plants (Lair:1)
69 creatures vanquished.

Vanquished Creatures (others)
  A phantasmal warrior (Lair:5)
  A vampire (Lair:3)
  4 flying skulls
  A yak zombie (Lair:3)
  A wight (Lair:1)
  5 wolf zombies (Lair:3)
  A wolf skeleton (Lair:3)
  A mummy (D:9)
  A frilled lizard (D:5)
  4 fungi
20 creatures vanquished.

Grand Total: 463 creatures vanquished

Notes
Turn   | Place    | Note
-------+----------+-------------------------------------------
     0 | D:1      | Curus the Minotaur Monk began the quest for the Orb.
     0 | D:1      | Reached XP level 1. HP: 19/19 MP: 0/0
    38 | D:1      | Reached skill level 4 in Polearms
   245 | D:1      | Reached XP level 2. HP: 26/26 MP: 1/1
   540 | D:1      | Reached skill level 5 in Polearms
   558 | D:1      | Reached XP level 3. HP: 31/31 MP: 2/2
  1255 | D:2      | Reached XP level 4. HP: 39/39 MP: 3/3
  1276 | D:2      | Reached skill level 6 in Polearms
  2324 | D:3      | Reached skill level 7 in Polearms
  2324 | D:3      | Reached XP level 5. HP: 43/45 MP: 4/4
  2671 | D:4      | Reached skill level 8 in Polearms
  2879 | D:4      | Reached XP level 6. HP: 51/51 MP: 5/5
  2939 | D:4      | Got a heavily runed scale mail
  3736 | D:5      | Entered Level 5 of the Dungeon
  3751 | D:5      | Found a staircase to the Ecumenical Temple.
  3777 | D:5      | Reached skill level 9 in Polearms
  4226 | D:5      | Reached XP level 7. HP: 57/57 MP: 6/6
  4291 | D:5      | Found a glowing drain.
  4294 | D:5      | Identified the cursed +0 scale mail of Xeubre {rF+ rC+
                  | Slay+2} (You found it on level 4 of the Dungeon)
  4296 | Sewer    | Entered a sewer
  4643 | D:5      | Reached skill level 10 in Polearms
  5065 | D:5      | Found a basalt altar of Yredelemnul.
  5067 | D:5      | Noticed a profane servitor
  5072 | D:5      | Became a worshipper of Yredelemnul the Dark
  5072 | D:5      | Reached * piety under Yredelemnul
  5072 | D:5      | Reached ** piety under Yredelemnul
  5081 | D:5      | Found a glowing golden altar of the Shining One.
  5083 | D:5      | Noticed an angel
  5092 | D:5      | Upgraded the game from 0.25.0-3-gd7cc5688da to
                  | 0.25.0-8-gfd19cd77bd
  5110 | D:5      | Noticed Sigmund
  5116 | D:5      | Killed Sigmund
  5187 | D:5      | Reached skill level 11 in Polearms
  5571 | D:6      | Found Terenli's Gadget Boutique.
  5603 | D:6      | Reached XP level 8. HP: 64/64 MP: 7/7
  5912 | D:6      | You fall into a shaft and drop 3 floors!
  5960 | D:9      | Found a one-way gate to the infinite horrors of the Abyss.
  5960 | D:9      | Noticed Fiuqy's ghost (novice DrTm)
  5985 | D:8      | Reached skill level 12 in Polearms
  6210 | D:8      | Reached *** piety under Yredelemnul
  6247 | D:8      | Found a sand-covered staircase.
  6254 | Ossuary  | Entered an ossuary
  6296 | Ossuary  | Gained mutation: Your system is resistant to poisons.
                  | (rPois) [potion of mutation]
  6296 | Ossuary  | Gained mutation: You are partially covered in icy blue
                  | scales. (AC +2) [potion of mutation]
  6360 | Ossuary  | Reached skill level 13 in Polearms
  6372 | Ossuary  | Identified a scroll of acquirement
  6451 | D:8      | Noticed a troll
  6462 | D:8      | Killed a troll
  6758 | D:7      | Found a runed translucent gate.
  6758 | D:7      | Found a runed translucent gate.
  6758 | D:7      | Found a runed translucent gate.
  6765 | D:7      | Noticed releu's ghost (novice TrWr)
  6861 | D:7      | Reached XP level 9. HP: 61/70 MP: 8/8
  7029 | D:7      | Reached skill level 14 in Polearms
  7357 | D:7      | Noticed Harold
  7372 | D:7      | Killed Harold
  7372 | D:7      | Reached **** piety under Yredelemnul
  7372 | D:7      | Reached skill level 5 in Dodging
  7372 | D:7      | Received a gift from Yredelemnul (2 flying skulls)
  8122 | D:8      | Found a stormy altar of Qazlal.
  8421 | D:9      | Noticed a two-headed ogre
  8436 | D:9      | Killed a two-headed ogre
  8436 | D:9      | Reached XP level 10. HP: 86/88 MP: 9/9
  8522 | D:9      | Found a transporter.
  8530 | D:9      | Received a gift from Yredelemnul (4 flying skulls)
  8586 | D:9      | Found a staircase to the Orcish Mines.
  8624 | D:9      | Received a gift from Yredelemnul (4 flying skulls)
  8796 | D:9      | Found a transporter.
  8796 | D:9      | Noticed a toenail golem
  8804 | D:9      | Identified the +2 spear of Festooned Gallantry {distort,
                  | Int+2}
  8871 | D:9      | Found a bloodstained altar of Trog.
  9115 | D:9      | Received a gift from Yredelemnul (a mummy)
  9551 | D:10     | Entered Level 10 of the Dungeon
  9654 | D:10     | Found a hazy altar of Hepliaklqana.
  9784 | D:10     | Reached skill level 10 in Fighting
  9785 | D:10     | Received a gift from Yredelemnul (a wight)
  9815 | D:10     | Found a staircase to the Lair.
  9829 | Lair:1   | Entered Level 1 of the Lair of Beasts
  9839 | Lair:1   | Reached skill level 1 in Invocations
  9903 | Lair:1   | Noticed a six-headed hydra
  9909 | Lair:1   | Killed a six-headed hydra
  9909 | Lair:1   | Reached ***** piety under Yredelemnul
  9909 | Lair:1   | Reached XP level 11. HP: 68/99 MP: 11/13
 10072 | Lair:1   | Reached skill level 5 in Invocations
 10303 | Lair:1   | You fall into a shaft and drop 1 floor!
 10510 | Lair:1   | Noticed Gastronok
 10526 | Lair:1   | Killed Gastronok
 11033 | Lair:2   | Reached skill level 10 in Invocations
 11358 | Lair:2   | Noticed Prince Ribbit
 11362 | Lair:2   | Received a gift from Yredelemnul (a vampire)
 11368 | Lair:2   | Killed Prince Ribbit
 11927 | Lair:3   | Reached XP level 12. HP: 106/106 MP: 19/19
 11934 | Lair:3   | Noticed an eight-headed hydra
 11941 | Lair:3   | Killed an eight-headed hydra
 12052 | Lair:3   | Found a staircase to the Snake Pit.
 12062 | Lair:3   | Received a gift from Yredelemnul (a phantasmal warrior)
 12398 | Lair:3   | Found a staircase to the Swamp.
 12529 | Lair:3   | Received a gift from Yredelemnul (a vampire)
 12567 | Lair:3   | Received a gift from Yredelemnul (a wraith)
 13892 | Lair:4   | Noticed a six-headed hydra
 13900 | Lair:4   | Killed a six-headed hydra
 14043 | Lair:4   | Noticed a four-headed hydra
 14052 | Lair:4   | Killed a four-headed hydra
 14690 | Lair:5   | Reached skill level 10 in Dodging
 14997 | Lair:5   | Noticed a death yak
 14997 | Lair:5   | Noticed a death yak
 14997 | Lair:5   | Noticed a death yak
 14998 | Lair:5   | Noticed a death yak
 14999 | Lair:5   | Noticed a death yak
 15010 | Lair:5   | Killed a death yak
 15016 | Lair:5   | Killed a death yak
 15025 | Lair:5   | Killed a death yak
 15029 | Lair:5   | Slain by a death yak

Illustrated notes

Levels and vault maps discovered:
D:1:      dpeg_arrival_round_a, layout_loops_ring, dk_noncrumbling_2
D:2:      layout_basic, nicolae_overflow_hidden_temple
D:3:      layout_basic, first_ration, minmay_bisected
D:4:      layout_loops_corners, kennysheep_nub
D:5:      layout_loops_corners, grunt_temple_overflow_holy_war,
          minmay_temple_entry_ruins, gup_sewer_entry_spiral, uniq_sigmund
D:6:      layout_basic, serial_shops, kennysheep_mini, hangedman_decor_opposing,
          lemuel_another_geyser
D:7:      layout_basic, ebering_ghost_rock_garden, uniq_harold
D:8:      layout_cave_pools, grunt_qazlal_clouds, enter_ossuary_2,
          grunt_pizzeria, eino_jars
D:9:      lemuel_slime, layout_cave_pools, erik_orc_1, serial_rivers,
          chequers_serial_rivers_small_a, chequers_serial_rivers_micro_b,
          chequers_serial_rivers_small_a, chequers_serial_rivers_small_3,
          gammafunk_ghost_abyssal_escape, lemuel_statue_altar
D:10:     layout_long_grid, lair_entry_dummy, basic_altar
Lair:1:   layout_gridlike, serial_bayou_pond_c, uniq_gastronok
Lair:2:   layout_gridlike, grunt_megastairs_4, uniq_prince_ribbit2
Lair:3:   layout_cellular_growth, skrybe_swamp_entry_bodies,
          guppyfry_snake_entry_island, st_stairs_8,
          grunt_forest_large_clearings, uniq_rupert
Lair:4:   layout_concentric_octagons, grunt_megastairs_5, lemuel_fruit_tree,
          minmay_lair_oklob_chamber
Lair:5:   layout_small_grid, grunt_megastairs_1

Skill      XL: |  1  2  3  4  5  6  7  8  9 10 11 12 |
---------------+-------------------------------------+-----
Polearms       | 4 5 7 8 9 11 13 14 | 14.1
Fighting       | 8 10 11 | 11.4
Dodging        | 7 9 10 | 10.6
Invocations    | 4 11 13 | 13.1
Stealth        | |  1.5

Action                   |  1- 3 |  4- 6 |  7- 9 | 10-12 || total
-------------------------+-------+-------+-------+-------++-------
Melee: Spear             |   102 |   160 |   109 |       ||   371
       Headbutt          |    15 |    21 |    51 |   101 ||   188
       Trident           |       |       |   192 |   455 ||   647
Invok: Animate Dead      |       |       |       |     3 ||     3
Evoke: Wand              |       |       |     2 |     2 ||     4
  Use: Scroll            |     7 |     3 |    10 |     6 ||    26
       Potion            |     6 |     3 |     7 |     4 ||    20
 Stab: Sleeping          |     5 |     3 |       |     1 ||     9
       Distracted        |       |     1 |       |     5 ||     6
  Eat: Chunk             |     1 |     9 |    11 |    16 ||    37
       Ration            |       |       |     1 |     1 ||     2
Armor: Robe              |    12 |       |       |       ||    12
       Ring mail         |     2 |    19 |    13 |       ||    34
       Scale mail        |       |       |    40 |    62 ||   102
Dodge: Dodged            |    43 |    30 |    69 |   182 ||   324
Block: Other             |       |       |       |    70 ||    70
       Reflection        |       |       |       |     2 ||     2
